 Dungeon Crawl Stone Soup version 0.31-a0-441-g867994ef1c (webtiles) character file.

Game seed: 15693761494233313783

86 Dittersdorf the Shield-Bearer (level 4, -1/29 HPs)
             Began as a Gargoyle Fighter on Aug 2, 2023.
             Frozen to death by an endoplasm (5 damage)
             ... on level 2 of the Dungeon.
             The game lasted 00:01:25 (795 turns).

Dittersdorf the Shield-Bearer (Gargoyle Fighter)     Turns: 795, Time: 00:01:26

Health: -1/29      AC: 11    Str: 22    XL:     4   Next: 49%
Magic:  4/4        EV:  9    Int:  8    God:
Gold:   48         SH:  4    Dex:  9    Spells: 3/3 levels left

rFire   . . .        a - +0 flail
rCold   . . .        c - +0 buckler
rNeg    + . .        b - +0 scale mail
rPois   ∞            i - +1 hat
rElec   +            (no cloak)
rCorr   .            (no gloves)
SInv    .            (no boots)
Will    .....        (no amulet) Stlth
                     (no ring)
HPRegen 0.24/turn    (no ring)
MPRegen 0.09/turn

%: no passive effects
@: no status effects
A: sickness immunity, AC +3, negative energy resistance 1, electricity
resistance, torment resistance 1, petrification resistance
a: no special abilities


You were on level 2 of the Dungeon.
You visited 1 branch of the dungeon, and saw 2 of its levels.

You collected 48 gold pieces.

Inventory:

Hand Weapons
 a - a +0 flail (weapon)
Armour
 b - a +0 scale mail (worn)
 c - a +0 buckler (worn)
 i - a +1 hat (worn)
Scrolls
 e - a scroll of identify {unknown}
 f - a scroll of fog {unknown}
 k - a scroll of enchant armour {unknown}
Potions
 d - a potion of might
 g - a potion of curing {unknown}
 h - a potion of mutation {unknown}
 j - 2 potions of cancellation {unknown}
 l - a potion of brilliance {unknown}


   Skills:
 + Level 3.9 Fighting
 + Level 2.8 Maces & Flails
 + Level 4.0 Armour
 + Level 4.0 Shields


You had 3 spell levels left.
You didn't know any spells.
Your spell library contained the following spells:

 Spells                   Type           Power      Damage    Failure   Level
 Ozocubu's Armour         Ice            0%         N/A       99%         3
 Ozocubu's Refrigeration  Ice            0%         4d7       100%        7


Dungeon Overview and Level Annotations

Branches:
Dungeon (2/15)

Altars:


Innate Abilities, Weirdness & Mutations

You are immune to sickness and miasma.
Your stone body is resilient. (AC +3)
You are immune to poison.
You resist negative energy. (rN+)
You are resistant to electric shocks. (rElec)
You are resistant to unholy torment.
You are immune to petrification.


Message History

* * * LOW HITPOINT WARNING * * *
The bat attacks as you move away! The bat hits you but does no damage. x2
You block the adder's attack. x2; The bat hits you but does no damage.
Things that are here:
a +0 club; a goblin corpse The bat attacks as you move away!
The bat hits you but does no damage. x2
The adder closely misses you. The adder attacks as you move away!
The adder bites you but does no damage.
The endoplasm jiggles.
The adder closely misses you.
You hit the adder.
The adder is moderately wounded.
The adder bites you but does no damage. x2
You barely miss the adder.
The adder is moderately wounded.
The adder barely misses you.
You closely miss the adder.
The adder is moderately wounded.
You block the adder's attack. The adder barely misses you.
You sock the adder!
You kill the adder!
The bat closely misses you. You block the bat's attack.
Your Armour skill increases to level 4!
You miss the bat. The bat hits you.
* * * LOW HITPOINT WARNING * * *
You completely miss the bat. The bat barely misses you. x2
The bat hits you but does no damage.
You barely miss the bat. You block the bat's attack.
The bat hits you but does no damage.
You sock the bat!
You kill the bat!
You hit the endoplasm but do no damage.
The endoplasm hits you but does no damage.
You barely miss the endoplasm. The endoplasm freezes you.
You are frozen.
* * * LOW HITPOINT WARNING * * *
The endoplasm freezes you.
You are frozen.
You die...

........<#.# #.#.#.).#.#
......#.##.# ## ## .#.#.
#....##### #. .# ..
#......... .#..
.#.#.##..####### ...
...$....r# #.#
.#.#.###J#############.#
#.###@##............##
#.....##.# #...†.....
#####.##.# #.###.#.##
#.##.# #.# #.#.# #.##.#
#.###.#.# #.##.##
#.....#.#
#.#.).###..####.#
#...#......# ##.##
###...###......~~≈


You could see an endoplasm and a rat.

Vanquished Creatures
  Jessica (D:2)
  2 adders
  An endoplasm (D:1)
  4 giant cockroaches (D:1)
  8 goblins
  6 hobgoblins
  3 kobolds (D:1)
  A quokka (D:1)
  2 ball pythons (D:1)
  6 bats
  2 frilled lizards
  5 rats (D:1)
41 creatures vanquished.

Notes
Turn   | Place    | Note
-------+----------+-------------------------------------------
     0 | D:1      | Dittersdorf the Gargoyle Fighter began the quest for the
                  | Orb.
     0 | D:1      | Reached XP level 1. HP: 14/14 MP: 1/1
    85 | D:1      | Reached XP level 2. HP: 19/19 MP: 2/2
    89 | D:1      | Found a faded altar of an unknown god.
   311 | D:1      | Reached XP level 3. HP: 23/23 MP: 3/3
   620 | D:2      | Noticed Jessica
   658 | D:2      | Killed Jessica
   659 | D:2      | Reached XP level 4. HP: 23/29 MP: 4/4
   795 | D:2      | Frozen to death by an endoplasm

Illustrated notes

Levels and vault maps discovered:
D:1:      arrival_zaba_pyramid, layout_rooms, ebering_ecumenical_altar_mist,
          st_stairs_8
D:2:      layout_loops_ring, serial_forest, infiniplex_forest_clump_double,
          infiniplex_forest_clump_long, infiniplex_forest_end_2,
          infiniplex_forest_clump_small, infiniplex_forest_straight_2,
          infiniplex_forest_diagonal, st_stairs_11,
          chequers_serial_rivers_small_a, uniq_jessica

Skill      XL: |  1  2  3  4 |
---------------+-------------+-----
Shields        | 4 |  4.0
Armour         | 4 |  4.0
Fighting       | |  3.9
Maces & Flails | |  2.8

Action                     |  1- 3 |  4- 6 || total
---------------------------+-------+-------++-------
  Melee: Flail             |   110 |    24 ||   134
 Armour: Scale mail        |    72 |    25 ||    97
  Dodge: Dodged            |    70 |    20 ||    90
  Block: Buckler           |    22 |     8 ||    30

Table legend: (Time is in decaauts)
 A = Elapsed time spent in this place.
 B = Non-inter-level travel time spent in this place.
 C = Inter-level travel time spent in this place.
 D = Time resting spent in this place.
 E = Time spent auto-exploring this place.
 F = Levels seen in this place.
 G = Mean time per level.
                   A        B        C        D        E       F      G
               +--------+--------+--------+--------+--------+-----+--------+
         Total |    839 |    827 |     12 |      9 |    520 |   2 |  419.5 |
       Dungeon |    839 |    827 |     12 |      9 |    520 |   2 |  419.5 |
               +--------+--------+--------+--------+--------+-----+--------+

Top non-repeatable levels by time:
     D:1: 679 daAuts
     D:2: 160 daAuts
